 Dungeon Sprint DCSS version 0.31-a0-43-g46d131a48f (webtiles) character file.

Game seed: 10586230810283799165

117 bmack86 the Ducker (level 5, 0/41 HPs)
             Began as a Djinni Gladiator on May 19, 2023.
             Slain by a scorpion (1 damage)
             ... in the Dungeon (Sprint IX: "|||||||||||||||||||||||||||||").
             The game lasted 00:01:51 (59 turns).

bmack86 the Ducker (Djinni Gladiator)                 Turns: 59, Time: 00:01:52

Health: 0/41       AC:  4    Str: 13    XL:     5   Next: 22%
Gold:   0          EV: 14    Int: 11    God:
                   SH:  0    Dex: 15

rFire   + + .        a - +0 long sword
rCold   x . .        (no shield)
rNeg    . . .        b - +0 leather armour
rPois   ∞            c - +0 helmet
rElec   .            (no cloak)
rCorr   .            (no gloves)
SInv    .            (boots unavailable)
Will    .....        (no amulet)
Stlth   +            (no ring)
HPRegen 0.26/turn    (no ring)
MPRegen 0.00/turn

%: no teleportation, infuse magic (-1 HP)
@: on berserk cooldown, flying, slowed, very slow
A: sickness immunity, fire resistance 2, cold vulnerability 1, float, innate
caster, HP casting, extra vitality 1
a: no special abilities


You were in the Dungeon.
You visited 1 branch

Inventory:

Hand Weapons
 a - a +0 long sword (weapon)
Missiles
 d - 3 throwing nets (quivered)
 e - a javelin
Armour
 b - a +0 leather armour (worn)
 c - a +0 helmet (worn)
Scrolls
 j - a scroll of blinking
Potions
 f - a potion of curing
 g - a potion of heal wounds
 h - a potion of haste


   Skills:
 + Level 3.9 Fighting
 + Level 6.1 Long Blades
 + Level 2.5 Throwing
 + Level 2.4 Armour
 + Level 6.5 Dodging


You knew the following spells:

 Your Spells              Type           Power      Damage    Failure   Level
a - Foxfire               Conj/Fire      0%         2x1d4     41%         1
b - Searing Ray           Conj           0%         2d4       56%         2
Your spell library was empty.

Dungeon Overview and Level Annotations

Branches:
Dungeon (1/1)

Altars:


Innate Abilities, Weirdness & Mutations

You are immune to sickness and miasma.
You are immune to poison.
Your flesh is very heat resistant. (rF++)
You are vulnerable to cold. (rC-)
You float through the air rather than walking.
You learn spells naturally, not from books.
Your magical power is your life essence.
You have superior vitality. (+4 MHP)


Message History

The phantom is almost destroyed.
The phantom barely misses you. x2
Sorry, you're not good enough to have a special ability.
Casting: Foxfire (safe; 41% risk of failure)
Confirm with . or Enter, or press ? or * to list all spells.
You conjure some foxfire!
* * * LOW HITPOINT WARNING * * *
The phantom hits you.
* * * LOW HITPOINT WARNING * * *
The phantom misses you.
Your foxfire dissipates!
There is an open door, spattered with blood here.
Items here: ) [ ††.
The phantom attacks as you move away!
The phantom hits you but does no damage.
The phantom closely misses you.
You slash the phantom!
You destroy the phantom!
The scorpion closely misses you. The scorpion misses you.
Your Long Blades skill gained 2 levels and is now at level 6!
Your Armour skill increases to level 2!
Your Dodging skill increases to level 6!
You have reached level 4!
You feel agile.
You have reached level 5!
The power to cast Searing Ray wells up from within.
Spell assigned to 'b'.
Casting: Foxfire (safe; 41% risk of failure)
Confirm with . or Enter, or press ? or * to list all spells.
You don't know that spell.
You slash the scorpion!
The scorpion is heavily wounded.
The scorpion stings you.
* * * LOW HITPOINT WARNING * * *
You barely miss the scorpion.
The scorpion is heavily wounded.
The scorpion misses you. The scorpion stings you.
* * * LOW HITPOINT WARNING * * *
The scorpion stings you.
You die...

▓+▓
▓.▓
▓.▓
▓.▓
▓.▓
▓.▓
▓s▓
▓@▓
▓.▓
▓.▓
▓.▓
▓†▓
▓'▓
▓.▓
▓.▓
▓.▓


You could see a scorpion.

Vanquished Creatures
  A phantom (D)
  A hound (D)
  A white imp (D)
  A dart slug (D)
  An orc (D)
  A bat (D)
  A hobgoblin (D)
  A ball python (D)
  A rat (D)
9 creatures vanquished.

Notes
Turn   | Place    | Note
-------+----------+-------------------------------------------
     0 | D        | bmack86 the Djinni Gladiator began the quest for the Orb.
     0 | D        | Reached XP level 1. HP: 18/18 MP: 0/0
    19 | D        | Reached XP level 2. HP: 22/24 MP: 0/0
    30 | D        | Noticed a scorpion
    30 | D        | Noticed a phantom
    44 | D        | Reached skill level 1 in Armour
    44 | D        | Reached skill level 5 in Dodging
    44 | D        | Reached XP level 3. HP: 16/30 MP: 0/0
    44 | D        | Learned a level 1 spell: Foxfire
    57 | D        | Killed a phantom
    58 | D        | Reached XP level 4. HP: 5/37 MP: 0/0
    58 | D        | Reached XP level 5. HP: 6/41 MP: 0/0
    58 | D        | Learned a level 2 spell: Searing Ray
    58 | D        | HP: 2/41 [scorpion (4)]
    59 | D        | Slain by a scorpion

Illustrated notes

Levels and vault maps discovered:
D:        linesprint [early_d, line_temple, items_1, d_10, items_2, lair_1,
          lair_end, items_3, orc_1, orc_end, items_4, d_15, swamp_1, shoals_1,
          snake_1, spider_1, d_20, vaults_1, items_5, swamp_end, shoals_end,
          snake_end, spider_end, vaults_end, d_27, items_6, zot_1, zot_end,
          crypt_end, forest_end, elf_end, slime_end, tomb_end, abyss_end,
          pan_hell_end]

Skill      XL: |  1  2  3 |
---------------+----------+-----
Dodging        | 4 5 6 |  6.5
Long Blades    | 3 4 6 |  6.1
Fighting       | 3 |  3.9
Throwing       | 2 |  2.5
Armour         | 1 2 |  2.4

Action                     |  1- 3 |  4- 6 || total
---------------------------+-------+-------++-------
  Melee: Long sword        |    35 |     2 ||    37
   Cast: Foxfire           |     1 |       ||     1
    Use: Potion            |     1 |       ||     1
 Armour: Leather armour    |    10 |       ||    10
  Dodge: Dodged            |    30 |     1 ||    31

Table legend: (Time is in decaauts)
 A = Elapsed time spent in this place.
 B = Non-inter-level travel time spent in this place.
 C = Inter-level travel time spent in this place.
 D = Time resting spent in this place.
 E = Time spent auto-exploring this place.
 F = Levels seen in this place.
 G = Mean time per level.
                   A        B        C        D        E       F      G
               +--------+--------+--------+--------+--------+-----+--------+
         Total |     66 |     66 |      0 |      0 |      0 |   1 |   66.0 |
       Dungeon |     66 |     66 |      0 |      0 |      0 |   1 |   66.0 |
               +--------+--------+--------+--------+--------+-----+--------+

Top non-repeatable levels by time:
       D: 66 daAuts
